 Dungeon Crawl Stone Soup version 0.25.1-2-g60ff931df9 (webtiles) character file.

Game seed: 14344970457564987908

6160 Vinx the Cleaver (level 10, -8/92 HPs)
             Began as a Deep Dwarf Berserker on Aug 18, 2020.
             Was a High Priest of Trog.
             Killed from afar by Maggie (23 damage)
             ... with a bolt of fire
             ... on level 9 of the Dungeon.
             The game lasted 00:57:40 (7520 turns).

Vinx the Cleaver (Deep Dwarf Berserker)             Turns: 7520, Time: 00:57:41

Health: -8/92      AC: 10    Str: 24    XL:     10   Next: 60%
Magic:  1/1        EV: 12    Int: 14    God:    Trog [*****.]
Gold:   572        SH: 13    Dex: 12    Spells: 9/9 levels left

rFire    . . .     SeeInvis .   h - +6 war axe "Xoimil" {vorpal, Str+4 Int+2}
rCold    . . .     Gourm    .   E - +2 kite shield
rNeg     . . .     Faith    .   i - +0 scale mail
rPois    .         Spirit   .   o - +0 helmet
rElec    .         Reflect  .   G - +0 cloak
rCorr    .         Harm     .   (no gloves)
MR       +....                  (no boots)
Stlth    +.........             (no amulet)
HPRegen  0.00/turn              (no ring)
MPRegen  0.07/turn              (no ring)

@: lethally poisoned (-8 -> -8), mesmerised, non-regenerating
A: damage resistance, heal wounds, sense surroundings 2, no regeneration
a: Heal Wounds, Berserk, Trog's Hand, Brothers in Arms, Renounce Religion


You were on level 9 of the Dungeon.
You worshipped Trog.
Trog was extremely pleased with you.
You were not hungry.

You visited 2 branches of the dungeon, and saw 10 of its levels.

You collected 572 gold pieces.

Inventory:

Hand Weapons
 a - a +2 hand axe
 e - a +1 dagger of holy wrath
 h - the +6 war axe "Xoimil" (weapon) {vorpal, Str+4 Int+2}
   (You found it on level 5 of the Dungeon)

   It inflicts extra damage upon your enemies.
   It affects your strength (+4).
   It affects your intelligence (+2).
 t - a +2 quarterstaff of chaos
 x - a +2 falchion of protection
 F - a +0 mace
 H - a +2 vorpal flail
 I - a +2 antimagic hand axe
 J - the +4 rapier "Hell-Harrower" {protect, rC++ Int+5, unknown}
   (You found it on level 5 of the Dungeon)

   It grants its wielder temporary protection when it strikes (+7 to AC).
   It affects your intelligence (+5).
   It greatly protects you from cold.
 P - a +1 whip of electrocution
 S - a +4 war axe
Armour
 b - a +0 animal skin
 d - a +0 chain mail
 f - a +0 leather armour
 i - a +0 scale mail (worn)
 j - a scarf of resistance
 o - a +0 helmet (worn)
 p - a +0 leather armour
 q - a +0 ring mail
 r - a +2 robe of positive energy
 y - a +0 leather armour
 D - a +0 helmet
 E - a +2 kite shield (worn)
 G - a +0 cloak (worn)
 Q - a +2 robe of magic resistance
 V - a +0 chain mail of fire resistance
Jewellery
 N - an uncursed amulet of reflection {unknown}
Wands
 g - a wand of random effects (18)
 U - a wand of iceblast (9)
 Y - a wand of digging (5)
 Z - a wand of flame (11)
Scrolls
 l - 7 scrolls of remove curse
 n - a scroll of enchant armour {unknown}
 s - 4 scrolls of teleportation
 v - a scroll of immolation
 w - a scroll of acquirement {unknown}
 z - 4 scrolls of fear
 K - a scroll of blinking
 L - 2 scrolls of amnesia
 M - a scroll of random uselessness {unknown}
 T - a scroll of vulnerability {unknown}
 X - a scroll of brand weapon {unknown}
Potions
 k - 4 potions of might {unknown}
 u - 2 potions of mutation {unknown}
 A - 4 potions of curing {unknown}
 B - 2 potions of degeneration {unknown}
 C - a potion of brilliance {unknown}
 O - 2 potions of lignification {unknown}
 R - 2 potions of stabbing {unknown}
Comestibles
 c - 12 rations
 m - 4 chunks of flesh


   Skills:
 + Level 6.7 Fighting
 + Level 11.3 Axes
 + Level 6.4 Armour
 + Level 6.8 Dodging
 + Level 2.3 Stealth
 + Level 7.1 Shields


You had 9 spell levels left.
You didn't know any spells.
Your spell library contained the following spells:

 Spells                   Type           Power        Failure   Level  Hunger
 Confusing Touch          Hex            #.......     99%         3    ####...
 Gell's Gravitas          Tloc           #.........   99%         3    ####...
 Petrify                  Tmut/Erth      #.......     100%        4    #####..
 Metabolic Englaciation   Hex/Ice        #.........   100%        5    ######.
 Yara's Violent Unravell  Hex/Tmut       #.........   100%        5    ######.


Dungeon Overview and Level Annotations

Branches:
Dungeon (9/15)             Temple (1/1) D:4
   Lair: D:8-11         Orc: D:9-12

Altars:
Ashenzari
Cheibriados
Dithmenos
Elyvilon
Fedhas
Gozag
Hepliaklqana
Kikubaaqudgha
Makhleb
Nemelex Xobeh
Okawaru
Qazlal
Ru
Sif Muna
Trog
Uskayaw
Vehumet
Wu Jian
Xom
Yredelemnul
Zin
The Shining One

Shops:
D:4 :   D:7 (

Annotations:
D:9 Maggie


Innate Abilities, Weirdness & Mutations

You are resistant to damage.
You can heal yourself by infusing magical energy.
You passively map the area around you.
You do not regenerate.


Message History

You closely miss Maggie.
Maggie is heavily wounded.
You slash the leopard gecko!
You kill the leopard gecko!
Trog accepts your kill.
Maggie hits you with a +1 morningstar of flaming!
* * * LOW HITPOINT WARNING * * *
Maggie burns you.
You slash Maggie!
Maggie is almost dead.
You block Maggie's attack.
Firing (i - inventory) No suitable missiles.
Press: ? - help, Shift-Dir - straight line, f - Maggie
Aim: Maggie, wielding a +1 morningstar of flaming and wearing +0 acid dragon scales (almost dead, mesmerising)
Okay, then.
You barely miss Maggie.
Maggie is almost dead.
Maggie casts a spell at you. The bolt of fire hits you!!
You die...

.....##.# ####..#
......#.# #.....#
#.#...#.#*#.###.#
#.#........,, #.#
##..#.## ##.## ,,
, #...## ,
#....#..### * ,
.....###...# ,
*,##... #@.#.# *
** * *#..#.†@##.#
* * * *#..##.##
.# , ...... *.#
*, , .... .# * **
...... .# ,,
l..... .# , *,
,.....# , ,, *


You could see Maggie (mesmerising).

Vanquished Creatures
  Pikel (D:5)
  The ghost of MisterFreud the Magician, a novice GnWn of Ru (D:7)
  A centaur skeleton (D:8)
  A troll (D:9)
  A hippogriff (D:7)
  A spriggan (D:8)
  Eustachio (D:6)
  Sigmund (D:3)
  3 yaks (D:9)
  Edmund (D:6)
  Menkaure (D:5)
  3 phantoms
  3 ice beasts
  A sky beast (D:5)
  A black bear (D:6)
  An orc warrior (D:8)
  4 ogres
  3 centaurs
  A big kobold (D:8)
  Blork the orc (D:6)
  2 bullfrogs
  A wyvern skeleton (D:8)
  3 scorpions
  13 killer bees
  A howler monkey (D:5)
  A spectral bullfrog (D:7)
  2 crimson imps (D:5)
  2 jellies
  A bullfrog zombie (D:6)
  A centaur zombie (D:6)
  5 hounds
  2 orc wizards
  Crazy Yiuf (D:4)
  2 iguanas
  5 worker ants
  A hound zombie (D:9)
  A worker ant zombie (D:8)
  Robin (D:4)
  14 adders
  6 gnolls
  A howler monkey skeleton (D:5)
  3 shadow imps
  An ooze (D:2)
  A spectral adder (D:7)
  3 adder skeletons
  A worm (D:2)
  5 dart slugs
  10 leopard geckos
  22 orcs
  4 ball pythons
  3 giant cockroaches
  15 goblins
  10 hobgoblins
  11 jackals
  A quokka (D:4)
  11 bats
  3 frilled lizards (D:2)
  A jackal zombie (D:3)
  11 kobolds
  2 quokka zombies (D:5)
  10 rats
  A spectral quokka (D:7)
  A butterfly (D:3)
  A plant (D:2)
  4 toadstools (D:1)
232 creatures vanquished.

Vanquished Creatures (others)
  A human (D:6)
1 creature vanquished.

Grand Total: 233 creatures vanquished

Notes
Turn   | Place    | Note
-------+----------+-------------------------------------------
     0 | D:1      | Vinx the Deep Dwarf Berserker began the quest for the Orb.
     0 | D:1      | Reached XP level 1. HP: 20/20 MP: 1/1
   106 | D:1      | Reached XP level 2. HP: 25/27 MP: 2/2
   576 | D:2      | Found a stormy altar of Qazlal.
   696 | D:2      | Reached skill level 4 in Axes
   725 | D:2      | Reached XP level 3. HP: 28/34 MP: 3/3
   743 | D:2      | Reached ** piety under Trog
   925 | D:2      | Reached XP level 4. HP: 29/42 MP: 4/4
   972 | D:2      | Noticed a phantom
  1023 | D:2      | Killed a phantom
  1023 | D:2      | Reached skill level 5 in Axes
  1023 | D:2      | Reached skill level 1 in Stealth
  1023 | D:2      | Reached XP level 5. HP: 22/50 MP: 5/5
  1417 | D:3      | Found a shimmering altar of Xom.
  1466 | D:3      | Found a burning altar of Makhleb.
  1556 | D:3      | Reached *** piety under Trog
  1556 | D:3      | Reached XP level 6. HP: 57/57 MP: 5/5
  1631 | D:3      | Noticed Sigmund
  1659 | D:3      | Killed Sigmund
  1659 | D:3      | Reached skill level 6 in Axes
  2334 | D:4      | Found a staircase to the Ecumenical Temple.
  2420 | D:4      | Reached XP level 7. HP: 41/66 MP: 5/5
  2555 | D:4      | Found Roalocu's Book Shoppe.
  2586 | D:4      | Noticed Robin
  2627 | D:4      | Reached skill level 5 in Dodging
  2652 | D:4      | Reached **** piety under Trog
  2676 | D:4      | Killed Robin
  3004 | D:4      | Found a runed translucent door.
  3005 | D:4      | Noticed Crazy Yiuf
  3087 | D:4      | Killed Crazy Yiuf
  3303 | Temple   | Entered the Ecumenical Temple
  3572 | D:5      | Entered Level 5 of the Dungeon
  3582 | D:5      | Reached skill level 7 in Axes
  3610 | D:5      | Noticed Menkaure
  3635 | D:5      | Killed Menkaure
  3635 | D:5      | Reached skill level 1 in Shields
  3671 | D:5      | Got a crude rapier
  3728 | D:5      | Reached XP level 8. HP: 64/73 MP: 1/1
  3763 | D:5      | Reached skill level 5 in Fighting
  3941 | D:5      | Reached skill level 8 in Axes
  3997 | D:5      | Found a shattered altar of Ashenzari.
  4020 | D:5      | Found a bloodstained altar of Trog.
  4051 | D:5      | Got a crystal war axe
  4117 | D:5      | Found a glowing golden altar of the Shining One.
  4117 | D:5      | Noticed Pikel
  4236 | D:5      | Killed Pikel
  4406 | D:6      | Gained mutation: You passively map the area around you.
                  | [Deep Dwarf growth]
  4406 | D:6      | Reached XP level 9. HP: 59/81 MP: 1/1
  4503 | D:6      | Noticed Blork the orc
  4512 | D:6      | Killed Blork the orc
  4586 | D:6      | Found an ancient bone altar of Kikubaaqudgha.
  4609 | D:6      | Noticed Edmund
  4617 | D:6      | Killed Edmund
  4772 | D:6      | Noticed Eustachio
  4861 | D:6      | Killed Eustachio
  4861 | D:6      | Reached skill level 9 in Axes
  4861 | D:6      | Reached skill level 5 in Armour
  5056 | D:6      | Reached skill level 5 in Shields
  5392 | D:7      | Reached ***** piety under Trog
  5677 | D:7      | Found Faqeq's Weapon Emporium.
  5842 | D:7      | Identified the +6 war axe "Xoimil" {vorpal, Str+4 Int+2}
                  | (You found it on level 5 of the Dungeon)
  5926 | D:7      | Found a runed translucent gate.
  5926 | D:7      | Found a runed translucent gate.
  5926 | D:7      | Found a runed translucent gate.
  5931 | D:7      | Noticed MisterFreud's ghost (novice GnWn)
  5946 | D:7      | Killed MisterFreud's ghost
  6404 | D:8      | Reached skill level 10 in Axes
  6406 | D:8      | Reached XP level 10. HP: 67/92 MP: 1/1
  7440 | D:9      | Reached skill level 11 in Axes
  7495 | D:9      | Noticed Maggie
  7506 | D:9      | Received a gift from Trog
  7514 | D:9      | Noticed a two-headed ogre
  7520 | D:9      | Killed from afar by Maggie

Illustrated notes

Levels and vault maps discovered:
D:1:      ldierk_water_garden, layout_rooms
D:2:      layout_rooms, nicolae_qazlal_general_emergency, serial_forest,
          infiniplex_forest_lined_3, infiniplex_forest_corner_1,
          infiniplex_forest_clump_double, infiniplex_forest_end_2,
          infiniplex_forest_straight_1, infiniplex_forest_clump_small,
          infiniplex_forest_lined_2, chequers_mini_garden,
          minmay_misc_feat_room, minmay_misc_feat_tiny
D:3:      layout_basic, xom_butterflies, makhleb_heckhound_becter, first_ration,
          uniq_sigmund
D:4:      layout_loops_ring, minmay_temple_entry_large_hall, serial_shops,
          shop_statue, uniq_crazy_yiuf_cottage, uniq_robin
D:5:      layout_cave_pools, amethyst_overflow_temple_binary, tso_metal_star,
          minmay_small_thing, uniq_menkaure, uniq_pikel
D:6:      layout_basic, tgw_kikubaaqudgha, uniq_blork_the_orc, uniq_eustachio,
          uniq_edmund
D:7:      layout_basic, serial_shops, nicolae_shop_competitors_out_of_business,
          gammafunk_ghost_necromancy
D:8:      layout_basic, grunt_pizzeria, grunt_ministairs_13
D:9:      layout_loops_ring, orc_david_3, uniq_maggie
Temple:   nicolae_temple_x_marks_the_god

Skill      XL: |  1  2  3  4  5  6  7  8  9 10 |
---------------+-------------------------------+-----
Fighting       | 3 4 5 6 |  6.7
Axes           | 4 5 6 7 8 10 11 | 11.3
Dodging        | 3 4 5 6 |  6.8
Stealth        | 1 2 |  2.3
Shields        | 1 3 6 7 |  7.1
Armour         | 3 4 5 6 |  6.4

Action                   |  1- 3 |  4- 6 |  7- 9 | 10-12 || total
-------------------------+-------+-------+-------+-------++-------
Melee: Hand axe          |   143 |   161 |   341 |       ||   645
       War axe           |       |       |   141 |   129 ||   270
Invok: Berserk           |       |       |     1 |       ||     1
 Abil: Heal Wounds       |     1 |     9 |    16 |     2 ||    28
Evoke: Wand              |       |       |     1 |       ||     1
  Use: Scroll            |     3 |     1 |     8 |       ||    12
       Potion            |       |       |     2 |     2 ||     4
 Stab: Sleeping          |     1 |       |       |       ||     1
  Eat: Chunk             |       |     3 |    10 |     4 ||    17
       Ration            |       |     1 |     1 |       ||     2
Armor: Animal skin       |    27 |    25 |    10 |       ||    62
       Scale mail        |       |       |   117 |    26 ||   143
Dodge: Dodged            |    86 |   120 |   180 |    54 ||   440
Block: Kite shield       |       |       |   214 |    94 ||   308
